 Dungeon Sprint DCSS version 0.30.0-10-gfe55d96785 (webtiles) character file.

Game seed: 7494520731624591705

74 fozzywoppz the Ruffian (level 4, -9/49 HPs)
             Began as a Troll Monk on May 15, 2023.
             Mangled by a water elemental (17 damage)
             ... in the Dungeon (Sprint III: "The Ten Rune Challenge").
             The game lasted 00:03:10 (138 turns).

fozzywoppz the Ruffian (Troll Monk)                  Turns: 138, Time: 00:03:10

Health: -9/49      AC:  4    Str: 21    XL:     4   Next: 10%
Magic:  0/3        EV: 11    Int:  6    God:
Gold:   40         SH:  0    Dex: 12    Spells: 3/3 levels left

rFire   . .          .
                       - Unarmed
rCold   . . .        c - orb {light}
rNeg    . . .        a - +0 robe
rPois   .            (helmet restricted)
rElec   .            (no cloak)
rCorr   .            (gloves unavailable)
SInv    .            (boots unavailable)
Will    .....        (no amulet)
Stlth   +            (no ring)
HPRegen 1.08/turn    (no ring)
MPRegen 0.08/turn

%: no teleportation
@: engulfed (cannot breathe), glowing
A: large, unfitting armour, claws 3, regeneration 1, shaggy fur 1, tough skin 1,
MP-powered wands
a: no special abilities


You were in the Dungeon.
You visited 1 branch You collected 40 gold pieces.

Inventory:

Armour
 a - a +0 robe (worn)
 c - an orb of light (worn)
 k - a +0 cloak
Wands
 j - a wand of flame (1)
Scrolls
 i - a scroll of blinking
 m - a scroll of torment {unknown}
 o - a scroll of immolation {unknown}
Potions
 b - a potion of ambrosia
 d - a potion of curing
 f - a potion of haste
 g - 2 potions of magic
 h - 3 potions of berserk rage
 l - 3 potions of mutation
 p - 2 potions of might


   Skills:
 + Level 4.5 Fighting
 + Level 4.5 Dodging
 + Level 5.5 Unarmed Combat


You had 3 spell levels left.
You didn't know any spells.
Your spell library was empty.

Dungeon Overview and Level Annotations

Branches:
Dungeon (1/1)

Altars:


Innate Abilities, Weirdness & Mutations

You are too large for most types of armour.
You have claws for hands.
Your natural rate of healing is unusually fast.
You are covered in fur. (AC +1)
You have tough skin. (AC +1)
You expend magic power (3 MP) to strengthen your wands.


Message History

As you open the door, it creaks loudly!
A water elemental comes into view.
Aiming: Throw Flame
Press: ? - help, Shift-Dir - straight line, f - water elemental
Aim: a water elemental (haloed, 88% to hit)
The puff of flame hits the water elemental.
The water elemental is burned terribly!
The water elemental is lightly damaged.
Unknown command.
You claw the water elemental!
The water elemental is heavily damaged.
The water elemental hits you!
The water elemental engulfs you in water!
The water elemental attacks as you move away!
The water elemental hits you!
You slip free of the water engulfing you.
You gasp with relief as air once again reaches your lungs.
Aiming: Throw Flame
Press: ? - help, Shift-Dir - straight line, f/p - water elemental
Aim: a water elemental (heavily damaged, haloed, 87% to hit)
The puff of flame hits the water elemental!
The water elemental is burned terribly!
The water elemental is severely damaged.
The water elemental barely misses you.
You barely miss the water elemental.
The water elemental is severely damaged.
The water elemental hits you!
* * * LOW HITPOINT WARNING * * *
The water elemental engulfs you in water!
Unknown command.
Aiming: Throw Flame
Press: ? - help, Shift-Dir - straight line, f/p - water elemental
Aim: a water elemental (severely damaged, haloed, 87% to hit)
The puff of flame hits the water elemental.
The water elemental is burned terribly!
The water elemental is almost destroyed.
* * * LOW HITPOINT WARNING * * *
Your lungs strain for air!
The water elemental hits you!
You die...

▓▓▓▓▓▓▓▓▓▓▓▓▓ ▓▓▓
▓<.#..'...♣.♣ ♣.#
▓..#.!#.....♣♣ ♣.#
▓#'####......♣ ♣♣.#
▓.....#....~.♣♣♣..# #+#+#
▓.....#...~~..♣♣♣.#......
▓.....#).~~~~.♣.♣.'.⌠....
▓####'#..~≈≈~~~♣@E#...###
▓..)..#.~~≈~~~....# ⌠.#
▓.....#.~≈~~~.....# .#
▓.....#.~~~.......# #
▓'#####...........#
▓.................#
▓▓▓▓▓▓▓▓▓▓▓▓▓▓▓▓▓▓▓


You could see a water elemental.

Vanquished Creatures
  Crazy Yiuf (D)
  Jessica (D)
  A human (D)
  2 endoplasms (D)
5 creatures vanquished.

Notes
Turn   | Place    | Note
-------+----------+-------------------------------------------
     0 | D        | fozzywoppz the Troll Monk began the quest for the Orb.
     0 | D        | Reached XP level 1. HP: 22/22 MP: 0/0
    11 | D        | Noticed Jessica
    13 | D        | Killed Jessica
    14 | D        | Reached skill level 4 in Unarmed Combat
    14 | D        | Reached XP level 2. HP: 32/32 MP: 1/1
    14 | D        | Reached XP level 3. HP: 39/39 MP: 2/2
    33 | D        | Noticed Crazy Yiuf
    46 | D        | Killed Crazy Yiuf
    47 | D        | Reached skill level 5 in Unarmed Combat
    68 | D        | Gained mutation: You expend magic power (3 MP) to
                  | strengthen your wands. [potion of mutation]
    97 | D        | Reached XP level 4. HP: 35/49 MP: 3/3
   132 | D        | Noticed a water elemental
   138 | D        | Mangled by a water elemental

Illustrated notes

Levels and vault maps discovered:
D:        dungeon_sprint_mu [sprint_mu_entry_forest, sprint_mu_temple_rooms,
          sprint_mu_d1_spiders, sprint_mu_d2_genie, sprint_mu_d3_branching,
          sprint_mu_orc_legion, sprint_mu_elf_gauntlet, sprint_mu_hive_nellie,
          sprint_mu_lair_fedhas, sprint_mu_vaults_butterflies,
          sprint_mu_slime_circle, sprint_mu_shoals_archi,
          sprint_mu_snake_twists, sprint_mu_blade_basic, sprint_mu_crypt_lich,
          sprint_mu_tomb_spiral, sprint_mu_vestibule_basic,
          sprint_mu_gehenna_hellfire, sprint_mu_dis_giant,
          sprint_mu_tartarus_statrot, sprint_mu_cocytus_islands, sprint_mu_zot1]

Skill      XL: |  1  2  3 |
---------------+----------+-----
Fighting       | 3 4 |  4.5
Dodging        | 3 4 |  4.5
Unarmed Combat | 4 5 |  5.5

Action                     |  1- 3 |  4- 6 || total
---------------------------+-------+-------++-------
  Melee: Unarmed           |    23 |     2 ||    25
  Evoke: Wand              |       |     3 ||     3
    Use: Scroll            |     3 |       ||     3
         Potion            |     2 |       ||     2
 Armour: Robe              |     2 |       ||     2
  Dodge: Dodged            |     7 |     1 ||     8
